 Dungeon Crawl Stone Soup version 0.19.4-9-g45fd643 (webtiles) character file.

65044 Mesmaeker13 the Fighter (level 15, -15/122 HPs)
             Began as a Human Gladiator on Feb 22, 2017.
             Was an Elder of Qazlal.
             Demolished by cotteux's ghost (21 damage)
             ... on level 2 of the Orcish Mines.
             The game lasted 01:04:56 (24014 turns).

Mesmaeker13 the Fighter (Human Gladiator)          Turns: 24014, Time: 01:04:57

Health: -15/122    AC: 15    Str: 19    XL:     15   Next: 56%
Magic:  20/23      EV: 20    Int:  9    God:    Qazlal [****..]
Gold:   1275       SH: 18    Dex: 16    Spells: 0 memorised, 14 levels left

rFire  . . .     SeeInvis .     h - +3 scimitar (flame)
rCold  . . .     Gourm    .     I - +0 mottled dragon scales
rNeg   + . .     Faith    .     r - +0 shield
rPois  .         Spirit   .     c - +1 helmet
rElec  .         Reflect  .     o - +0 cloak
rCorr  .         Harm     .     A - +0 pair of gloves
MR     +....                    G - +0 pair of boots
Stlth  +.........               Y - amulet of regeneration
                                b - +4 ring of evasion
                                J - ring of positive energy

@: repel missiles
A: no striking features
a: Upheaval, Elemental Force, Renounce Religion


You were on level 2 of the Orcish Mines.
You worshipped Qazlal.
Qazlal was greatly pleased with you.
You were not hungry.

You visited 4 branches of the dungeon, and saw 21 of its levels.
You also visited: Ossuary.

You collected 1789 gold pieces.
You spent 514 gold pieces at shops.

Inventory:

Hand Weapons
 a - a +5 scimitar of venom
 h - a +3 scimitar of flaming (weapon)
Missiles
 w - 8 poisoned tomahawks (quivered)
Armour
 c - a +1 helmet (worn)
 o - a +0 cloak (worn)
 r - a +0 shield (worn)
 A - a +0 pair of gloves (worn)
 G - a +0 pair of boots (worn)
 I - +0 mottled dragon scales (worn)
Jewellery
 b - a +4 ring of evasion (right hand)
 e - a +3 amulet of reflection
 q - an uncursed ring of protection from cold
 J - a ring of positive energy (left hand)
 M - an uncursed amulet of the gourmand
 Y - an amulet of regeneration (around neck)
Scrolls
 j - 7 scrolls of teleportation
 x - 3 scrolls of blinking
 B - 2 scrolls of fear
 F - a scroll of immolation {unknown}
 K - 2 scrolls of fog
 Q - a scroll of vulnerability {unknown}
Potions
 y - a potion of flight {unknown}
 z - 3 potions of lignification
 C - 2 potions of might
 L - a potion of mutation {unknown}
 N - a potion of resistance {unknown}
 R - a potion of agility
Comestibles
 d - a chunk of flesh
 f - 8 bread rations


   Skills:
 + Level 12.5 Fighting
 + Level 12.5 Long Blades
 - Level 2.0 Throwing
 + Level 10.1 Armour
 - Level 8.0 Dodging
 + Level 12.0 Shields
 - Level 11.0 Invocations


You had 14 spell levels left.
You didn't know any spells.

Dungeon Overview and Level Annotations

Branches:
Dungeon (12/15)            Temple (1/1) D:5            Lair (6/6) D:8
 Shoals (0/4) Lair:3       Spider (0/4) Lair:2        Slime (0/5) Lair:5
    Orc (2/2) D:9
    Elf: Orc:2

Altars:
Cheibriados
Dithmenos
Fedhas
Gozag
Hepliaklqana
Kikubaaqudgha
Okawaru
Qazlal
Ru
Yredelemnul
Zin
The Shining One

Shops:
D:4 *   D:8 *   D:9 ?   D:10 *

Annotations:
Orc:2 Vikmgn's ghost, journeyman GrFi; cotteux's ghost, journeyman GrBe


Message History

Cotteux's ghost is severely damaged.
Vikmgn's ghost shouts, "You will never get the ORB!"
Vikmgn's ghost misses you.
You hit cotteux's ghost but do no damage.
Cotteux's ghost is severely damaged.
Cotteux's ghost hits you!! Vikmgn's ghost hits you!
You hit cotteux's ghost but do no damage.
Cotteux's ghost is severely damaged.
Cotteux's ghost keens inconsolably.
Cotteux's ghost barely misses you.
You closely miss cotteux's ghost.
Cotteux's ghost is severely damaged.
You block Vikmgn's ghost's attack. Cotteux's ghost hits you!!
* * * LOW HITPOINT WARNING * * *
x2 You hit cotteux's ghost.
You burn cotteux's ghost.
Cotteux's ghost is severely damaged.
Vikmgn's ghost hits you.
* * * LOW HITPOINT WARNING * * *
Cotteux's ghost hits you!!
You die...

####........[........
##.##......<.......... ..
#...##.##..)[)..$.....
....#....####...[.......$
..........##(.[...$......
......#..#($#[...........
......#.....[..§.........
.....#...#..§WW.........#
.## #........@...........
##....#)§§[..........
###..)#[))§.........
##...)<)).........
#....[)<..........
....................
..##................ .##
#................
#...............#.


You could see Vikmgn's ghost and cotteux's ghost.

Vanquished Creatures
  Azrael (Orc:1)
  Snorg (Orc:1)
  An ettin (Orc:1)
  A merfolk impaler (Lair:3)
  Erolcha (D:9)
  3 catoblepae (Lair:6)
  11 death yaks (Lair:6)
  A hill giant (D:11)
  An unseen horror (D:10)
  2 orc knights
  A deep elf mage (D:9)
  An oklob plant (Lair:5)
  A wolf spider (Lair:2)
  4 orc sorcerers
  A cyclops (D:10)
  An ugly thing (D:7)
  A manticore (D:11)
  A centaur zombie (D:11)
  8 elephants
  Maurice (D:9)
  3 black mambas
  The ghost of StylePro the Vexing, a novice SpEn (D:6)
  19 spiny frogs
  14 komodo dragons
  A rime drake (Lair:4)
  6 polar bears
  2 trolls
  A jumping spider (Lair:2)
  10 dream sheep
  8 blink frogs
  3 hornets
  8 hippogriffs
  5 redbacks (Lair:2)
  5 wraiths
  2 hogs (D:10)
  5 basilisks
  A vampire (D:10)
  30 yaks
  2 fire elementals (Orc:1)
  3 humans
  A hungry ghost (D:10)
  Grum (D:9)
  A warg (Orc:1)
  12 water moccasins
  4 hell hounds
  10 porcupines
  5 sky beasts
  15 orc warriors
  4 ice beasts
  A black bear (Lair:4)
  7 ogres
  An eye of draining (D:10)
  22 wolves
  4 phantoms
  3 centaurs
  20 crocodiles
  2 elf zombies (D:7)
  2 big kobolds
  15 bullfrogs
  A wyvern zombie (D:9)
  A wyvern skeleton (D:11)
  3 scorpions
  A troll zombie (D:7)
  19 killer bees
  5 wights
  2 howler monkeys
  An electric eel (Lair:2)
  4 bullfrog zombies
  A crimson imp (D:9)
  4 human zombies (D:7)
  4 jellies
  A quasit (D:9)
  17 orc priests
  2 bullfrog skeletons
  13 hounds
  19 orc wizards
  Crazy Yiuf (D:6)
  Jessica (D:3)
  11 iguanas
  Natasha (thrice) (D:4 D:5)
  5 hell rats (Lair:6)
  8 worker ants
  A hound skeleton (D:6)
  A mummy (D:7)
  A worker ant zombie (D:9)
  24 adders
  3 gnolls
  5 river rats (D:7)
  An ooze (D:2)
  2 adder skeletons
  5 worms
  6 dart slugs
  6 leopard geckos
  87 orcs
  11 bats
  8 giant cockroaches
  8 goblins
  5 hobgoblins (D:1)
  14 jackals
  6 quokkas
  4 ball pythons
  7 frilled lizards
  A jackal zombie (D:4)
  13 kobolds
  2 leopard gecko skeletons
  An orc zombie (D:4)
  5 rats
  A rat zombie (D:4)
  A bush (Lair:2)
  15 fungi
  12 plants
685 creatures vanquished.

Vanquished Creatures (collateral kills)
  4 hydras
  Nergalle (Lair:4)
  A komodo dragon (Lair:3)
  A blink frog (Lair:4)
  A yak (Lair:6)
8 creatures vanquished.

Vanquished Creatures (others)
  A centaur (D:9)
  An orc wizard (Orc:2)
  3 orcs
  8 fungi
  28 plants
41 creatures vanquished.

Grand Total: 734 creatures vanquished

Notes
Turn   | Place    | Note
-------+----------+-------------------------------------------
     0 | D:1      | Mesmaeker13 the Human Gladiator began the quest for the Orb.
     0 | D:1      | Reached XP level 1. HP: 16/16 MP: 1/1
    82 | D:1      | Reached XP level 2. HP: 22/22 MP: 2/2
   420 | D:1      | Reached XP level 3. HP: 23/28 MP: 3/3
   575 | D:1      | Reached skill level 1 in Armour
   937 | D:2      | Reached XP level 4. HP: 29/34 MP: 4/4
  1486 | D:3      | Noticed an ogre
  1507 | D:3      | Killed an ogre
  1507 | D:3      | Reached skill level 1 in Shields
  1507 | D:3      | Reached XP level 5. HP: 22/41 MP: 5/5
  1805 | D:4      | Found a sand-covered staircase.
  1810 | D:4      | Reached XP level 6. HP: 44/47 MP: 6/6
  1842 | Ossuary  | Entered an ossuary
  1842 | Ossuary  | Noticed protoss039's ghost (amateur DEWz)
  2292 | D:3      | Noticed Jessica
  2313 | D:3      | Killed Jessica
  2313 | D:3      | Reached XP level 7. HP: 38/53 MP: 7/7
  2781 | D:5      | Entered Level 5 of the Dungeon
  3689 | D:5      | Found a staircase to the Ecumenical Temple.
  3695 | Temple   | Entered the Ecumenical Temple
  3709 | Temple   | Became a worshipper of Qazlal Stormbringer
  3843 | D:5      | Reached skill level 5 in Long Blades
  4207 | Temple   | Reached XP level 8. HP: 26/61 MP: 8/8
  4529 | Temple   | Reached skill level 5 in Fighting
  5715 | D:4      | Found Ugafapt's Serpentskin Sales.
  5743 | D:4      | Reached skill level 5 in Armour
  5743 | D:4      | Reached XP level 9. HP: 40/68 MP: 9/9
  5762 | D:4      | Bought 5 poisoned tomahawks for 70 gold pieces
  5762 | D:4      | Bought 3 poisoned tomahawks for 42 gold pieces
  6069 | D:4      | Noticed Natasha
  6094 | D:4      | Killed Natasha
  6146 | D:4      | Noticed Natasha
  6162 | D:5      | Killed Natasha
  6207 | D:4      | Reached * piety under Qazlal
  6276 | D:5      | Noticed Natasha
  6281 | D:5      | Killed Natasha
  6343 | D:6      | Reached skill level 5 in Shields
  6448 | D:6      | Noticed StylePro's ghost (novice SpEn)
  7057 | D:7      | Found a basalt altar of Yredelemnul.
  7464 | D:7      | Reached XP level 10. HP: 76/77 MP: 10/10
  8404 | D:6      | Reached ** piety under Qazlal
  9238 | D:6      | Killed StylePro's ghost
  9238 | D:6      | Reached skill level 1 in Invocations
  9363 | D:6      | Found a runed door.
  9367 | D:6      | Noticed Crazy Yiuf
  9373 | D:6      | Killed Crazy Yiuf
  9379 | D:6      | Got an iridescent mace
 10095 | D:7      | Found an opulent altar of Gozag.
 10095 | D:7      | Found a shadowy altar of Dithmenos.
 10100 | D:7      | Found a blossoming altar of Fedhas.
 10102 | D:7      | Found an ancient bone altar of Kikubaaqudgha.
 10106 | D:7      | Found a sacrificial altar of Ru.
 10496 | D:8      | Reached *** piety under Qazlal
 10668 | D:7      | Reached XP level 11. HP: 86/86 MP: 12/12
 10900 | D:8      | Found a staircase to the Lair.
 11123 | D:8      | Found Hawny's Assorted Antiques.
 11138 | D:8      | Bought a scroll of identify for 62 gold pieces
 11586 | D:9      | Noticed Maurice
 11687 | D:9      | Noticed Erolcha
 11694 | D:9      | Killed Erolcha
 11713 | D:9      | Killed Maurice
 11919 | D:9      | Reached **** piety under Qazlal
 12019 | D:9      | Noticed Grum
 12043 | D:9      | Noticed a white ugly thing
 12043 | D:9      | Killed Grum
 12091 | D:7      | Killed a white ugly thing
 12345 | D:9      | Noticed a deep elf mage
 12352 | D:9      | Killed a deep elf mage
 12352 | D:9      | Reached skill level 5 in Invocations
 12584 | D:9      | Found Tuptoapo's Magic Scroll Boutique.
 12783 | D:9      | Found a staircase to the Orcish Mines.
 13074 | D:9      | Bought a scroll of brand weapon for 340 gold pieces
 13101 | D:10     | Entered Level 10 of the Dungeon
 13106 | D:10     | Reached XP level 12. HP: 94/95 MP: 14/16
 13178 | D:10     | Found Cusohila's Assorted Antiques.
 13274 | D:10     | Reached ***** piety under Qazlal
 13384 | D:10     | Killed an unseen horror
 14562 | D:11     | Found an iron altar of Okawaru.
 14701 | D:11     | Got a crystal war axe
 14776 | D:12     | Noticed a four-headed hydra
 14870 | Lair:1   | Entered Level 1 of the Lair of Beasts
 14904 | Lair:1   | Reached skill level 10 in Long Blades
 14997 | Lair:1   | Reached skill level 10 in Fighting
 15314 | Lair:2   | Paralysed by a hornet for 1 turns
 15397 | Lair:1   | Reached XP level 13. HP: 56/103 MP: 18/18
 15592 | Lair:2   | Reached skill level 5 in Dodging
 15773 | Lair:2   | Found a hole to the Spider Nest.
 15976 | Lair:2   | Reached skill level 10 in Shields
 16569 | Lair:3   | Noticed an eight-headed hydra
 16624 | Lair:3   | Killed an eight-headed hydra
 16787 | Lair:3   | Noticed a merfolk impaler
 16808 | Lair:3   | Killed a merfolk impaler
 16952 | Lair:3   | Noticed an eight-headed hydra
 16957 | Lair:3   | Killed an eight-headed hydra
 17057 | Lair:3   | Noticed a four-headed hydra
 17062 | Lair:3   | Killed a four-headed hydra
 17201 | Lair:3   | Found a staircase to the Shoals.
 17515 | Lair:4   | Noticed Nergalle
 17519 | Lair:4   | Killed Nergalle
 17954 | Lair:4   | Reached XP level 14. HP: 113/113 MP: 20/20
 19309 | Lair:5   | Found a staircase to the Slime Pits.
 19796 | Lair:6   | Entered Level 6 of the Lair of Beasts
 20863 | Lair:6   | Reached skill level 10 in Invocations
 21392 | Lair:6   | Reached XP level 15. HP: 101/120 MP: 22/22
 22329 | Orc:1    | Entered Level 1 of the Orcish Mines
 22804 | Orc:2    | Entered Level 2 of the Orcish Mines
 22804 | Orc:2    | Noticed Azrael
 22837 | Orc:2    | Noticed Vikmgn's ghost (journeyman GrFi)
 22977 | Orc:2    | Noticed Snorg
 22990 | Orc:1    | Killed Azrael
 23012 | Orc:1    | Killed Snorg
 23015 | Orc:2    | Noticed cotteux's ghost (journeyman GrBe)
 23258 | Orc:2    | Reached skill level 10 in Armour
 23365 | Orc:2    | Paralysed by an orc sorcerer for 4 turns
 23933 | Orc:1    | Paralysed by an orc sorcerer for 5 turns
 24014 | Orc:2    | HP: 6/122 [Vikmgn's ghost (4)]
 24014 | Orc:2    | Demolished by cotteux's ghost

Skill      XL: |  1  2  3  4  5  6  7  8  9 10 11 12 13 14 15 |
---------------+----------------------------------------------+-----
Armour         | 1 2 3 4 5 6 7 8 9 10 | 10.1
Fighting       | 3 4 5 6 8 9 10 11 12 | 12.5
Long Blades    | 4 5 6 7 8 9 10 11 12 | 12.5
Shields        | 1 2 3 4 6 7 8 9 10 11 12 | 12.0
Invocations    | 2 5 7 8 10 11 | 11.0
Dodging        | 4 6 8 |  8.0
Throwing       | |  2.0

Action                   |  1- 3 |  4- 6 |  7- 9 | 10-12 | 13-15 || total
-------------------------+-------+-------+-------+-------+-------++-------
Melee: Long sword        |   118 |   173 |   511 |    85 |       ||   887
       Dagger            |       |       |     5 |       |     6 ||    11
       Scimitar          |       |       |       |   766 |  1075 ||  1841
Throw: Throwing net      |       |     3 |       |     1 |       ||     4
       Tomahawk          |       |       |       |     8 |    15 ||    23
Invok: Upheaval          |       |       |       |     5 |    10 ||    15
       Elemental Force   |       |       |       |       |     8 ||     8
Evoke: Wand              |       |       |     3 |     6 |     2 ||    11
  Use: Scroll            |       |     8 |     5 |     8 |    12 ||    33
       Potion            |       |     3 |     1 |     2 |     3 ||     9
 Stab: Held in net/web   |       |     2 |       |       |       ||     2
  Eat: Chunk             |       |     5 |    10 |    22 |    27 ||    64
       Bread ration      |       |       |     2 |     1 |     1 ||     4
       Fruit             |       |       |       |       |     1 ||     1
Armor: Leather armour    |    11 |       |       |       |       ||    11
       Chain mail        |   104 |   101 |   195 |   235 |       ||   635
       Mottled dragon sc |       |       |       |    48 |   139 ||   187
Dodge: Dodged            |    89 |    84 |   187 |   305 |   432 ||  1097
       Deflected         |       |       |       |     1 |     7 ||     8
Block: Shield            |       |    81 |   243 |   787 |   923 ||  2034
       Reflection        |       |       |       |     9 |     1 ||    10
       Rpst.: Long sword |    23 |    19 |    58 |     6 |       ||   106
       Scimitar          |       |       |       |    94 |   108 ||   202
